 Dungeon Crawl Stone Soup version 0.17-a0-2208-ge5ab1d3 (webtiles) character file.

2871 Goblin1989 the Cruncher (level 9, -6/49 HPs)
             Began as a Gargoyle Gladiator on Oct 26, 2015.
             Was a Priest of Makhleb.
             Killed by divine providence
             ... invoked by an orc priest
              (16 damage)
             ... on level 9 of the Dungeon.
             The game lasted 01:00:25 (7327 turns).

Goblin1989 the Cruncher (Gargoyle Gladiator)        Turns: 7327, Time: 01:00:25

Health: -6/49      AC: 14    Str: 20    XL:     9   Next: 76%
Magic:  13/13      EV: 11    Int: 14    God:    Makhleb [***...]
Gold:   183        SH:  0    Dex: 10    Spells: 1 memorised, 6 levels left

rFire  . . .     SeeInvis +     a - +10 quarterstaff of Demand {pain, +Rage rC- rN+ SInv}
rCold  . . .     Clarity  .     E - +0 ring mail
rNeg   + + .     SustAt   .     (no shield)
rPois  ∞         Gourm    .     z - +0 helmet (curse)
rElec  +         Spirit   .     U - +0 cloak
rCorr  .         Warding  .     c - +0 pair of gloves {archery}
rMut   .         Stasis   .     (no boots)
MR     ++...                    (no amulet)
Stlth  ..........               Q - ring of the Mage {Wiz MR++ Int+3}
                                e - ring of protection from cold

@: about to teleport, very resistant to hostile enchantments, extremely
unstealthy
A: negative energy resistance 1, electricity resistance, unbreathing,
petrification resistance, rot immunity, AC +5
a: Minor Destruction, Lesser Servant of Makhleb, Renounce Religion, Evoke
Berserk Rage


You were on level 9 of the Dungeon.
You worshipped Makhleb.
Makhleb was most pleased with you.
You were not hungry.

You visited 2 branches of the dungeon, and saw 10 of its levels.

You collected 408 gold pieces.
You spent 225 gold pieces at shops.

Inventory:

Hand Weapons
 a - the +10 quarterstaff of Demand (weapon) {pain, +Rage rC- rN+ SInv}
   (You bought it in a shop on level 5 of the Dungeon)

   In the hands of one skilled in necromantic magic, it inflicts extra damage on
   living creatures.
   It makes you vulnerable to cold.
   It protects you from negative energy.
   It lets you see invisible.
   It lets you go berserk.
 b - a +1 blowgun
Missiles
 d - 3 throwing nets
 u - 7 tomahawks (quivered)
 y - 25 poisoned needles
Armour
 c - a +0 pair of gloves of archery (worn)
 z - a cursed +0 helmet (worn)
 E - a +0 ring mail (worn)
 U - a +0 cloak (worn)
Jewellery
 e - a ring of protection from cold (left hand)
 Q - the ring of the Mage (right hand) {Wiz MR++ Int+3}
   (You found it on level 5 of the Dungeon)

   [ring of wizardry]

   It improves your spell success rate.
   It affects your intelligence (+3).
   It affects your resistance to hostile enchantments.
 R - an uncursed ring of see invisible {unknown}
Wands
 t - a wand of draining (0)
 D - a wand of polymorph (12)
 H - a wand of frost (20)
 O - a wand of lightning (7)
Scrolls
 f - 4 scrolls of remove curse
 g - 2 scrolls of amnesia {unknown}
 i - a scroll of magic mapping {unknown}
 k - 2 scrolls of teleportation
 l - 3 scrolls of enchant weapon
 m - 6 scrolls of identify {unknown}
 p - a scroll of blinking {unknown}
 x - 2 scrolls of fog {unknown}
 C - 2 scrolls of immolation {unknown}
 G - a scroll of random uselessness {unknown}
 I - 2 scrolls of enchant armour {unknown}
 K - a scroll of recharging {unknown}
 L - 2 scrolls of noise {unknown}
 X - a scroll of holy word {unknown}
Potions
 h - a potion of flight
 n - 2 potions of brilliance {unknown}
 o - 2 potions of lignification {unknown}
 v - 2 potions of agility {unknown}
 w - 2 potions of magic {unknown}
 B - 2 potions of ambrosia {unknown}
 M - a potion of berserk rage {unknown}
 P - a potion of curing {unknown}
 S - a potion of cancellation {unknown}
 T - a potion of cure mutation {unknown}
 V - a potion of poison {unknown}
 W - a potion of resistance {unknown}
Books
 A - a book of Alchemy

   Spells                             Type                      Level
   a - Sublimation of Blood           Necromancy                   2
   b - Ignite Poison                  Fire/Transmutation/Poison    3
   c - Alistair's Intoxication        Transmutation/Poison         4
   d - Condensation Shield            Ice                          4
   e - Petrify                        Transmutation/Earth          4
   f - Irradiate                      Conjuration/Transmutation    5
 N - a book of Hinderance

   Spells                             Type                      Level
   a - Confusing Touch                Hexes                        2
   b - Confuse                        Hexes                        3
   c - Gell's Gravitas                Hexes/Translocation          3
   d - Petrify                        Transmutation/Earth          4
   e - Metabolic Englaciation         Hexes/Ice                    5
Comestibles
 j - 6 fruits
 q - 5 beef jerkies
 r - 3 bread rations
 s - 3 meat rations
 F - 2 slices of pizza
 J - a royal jelly


   Skills:
 - Level 2.7 Fighting
 * Level 10.4 Staves
 - Level 1.9 Throwing
 - Level 2.1 Armour
 - Level 3.3 Dodging
 - Level 2.5 Hexes
 + Level 6.1 Evocations


You had 6 spell levels left.
You knew the following spells:

 Your Spells              Type           Power        Failure   Level  Hunger
a - Confusing Touch       Hex            #.....       12%         2    ###....


Dungeon Overview and Level Annotations

Branches:
Dungeon (9/15)             Temple (1/1) D:4
   Lair: D:8-11         Orc: D:9-12

Altars:
Ashenzari
Cheibriados
Dithmenos
Elyvilon
Fedhas
Gozag
Kikubaaqudgha
Makhleb
Nemelex Xobeh
Okawaru
Qazlal
Ru
Sif Muna
Trog
Vehumet
Xom
Yredelemnul
Zin
The Shining One

Shops:
D:5 (   D:9 %

Annotations:
D:4 1 exclusion
D:7 M4edhros's ghost, novice OpAr


Innate Abilities, Weirdness & Mutations

You are resistant to torment.
Your stone body is resilient (AC +5).
You are immune to poison.
You resist negative energy.
You are resistant to electric shocks.
You can survive without breathing.
You are immune to petrification.
You are immune to rotting.


Message History

You are too injured to fight recklessly!
You are too injured to fight recklessly!
You are too injured to fight recklessly!
You are too injured to fight recklessly!
Read which item? (? for menu, Esc to quit)
As you read the scroll labeled CAFAWY HAGE, it crumbles to dust.
It is a scroll of enchant weapon.
Enchant which weapon? (? for menu, Esc to quit)
Your +0 blowgun glows red for a moment.
The orc hits you but does no damage. The orc priest misses you.
The orc warrior barely misses you.
Read which item? (? for menu, Esc to quit)
As you read the scroll labeled OROFIA UMOR, it crumbles to dust.
You feel strangely unstable.
It was a scroll of teleportation.
The orc hits you with a mace.
* * * LOW HITPOINT WARNING * * *
The orc barely misses you. The orc closely misses you.
The orc throws a stone.
The stone closely misses you.
The orc priest calls down the wrath of Beogh upon you.
Something smites you!
You die...

### ## ...## .## #.....#
..## ##.......# ...# ####
#####..o.....# ♣..#
##..####)...........#
∩.♣####......)>.o.........#
♣.###......#####o.........#
.........### #@o........#
.#####...# #oo......... ##
#..## #oo......... # #...#
#o........(# # #..##
#.....(....# ..##
##.........# .. #(.......##
#.<....### ......##


You could see an orc warrior, an orc priest and 7 orcs.

Vanquished Creatures
  A water moccasin (D:6)
  2 sky beasts
  3 orc warriors (D:9)
  2 ice beasts
  2 ogres
  A centaur (D:8)
  A phantom (D:5)
  11 big kobolds (D:8)
  A giant frog (D:6)
  A scorpion (D:3)
  A wyvern skeleton (D:8)
  2 vampire bats (D:3)
  An electric eel (D:8)
  A crimson imp (D:6)
  A centaur skeleton (D:4)
  A jelly (D:6)
  2 hounds
  2 orc wizards
  An orc priest (D:8)
  An iguana (D:8)
  8 worker ants
  A hound zombie (D:6)
  A hound skeleton (D:7)
  3 gnolls (D:5)
  13 adders
  A shadow imp (D:9)
  3 adder skeletons
  4 worms
  36 orcs
  A ball python (D:4)
  6 bats
  4 bat skeletons (D:3)
  2 bat zombies (D:3)
  2 giant cockroaches
  6 goblins
  7 hobgoblins
  9 jackals
  4 quokkas
  8 giant geckos
  A giant newt (D:1)
  8 kobolds
  7 rats
173 creatures vanquished.

Notes
Turn   | Place    | Note
--------------------------------------------------------------
     0 | D:1      | Goblin1989 the Gargoyle Gladiator began the quest for the Orb.
     0 | D:1      | Reached XP level 1. HP: 12/12 MP: 1/1
   171 | D:1      | Reached XP level 2. HP: 15/17 MP: 2/2
   860 | D:1      | Reached XP level 3. HP: 2/22 MP: 3/3
  1226 | D:2      | Reached skill level 1 in Armour
  1399 | D:2      | Found a bloodstained altar of Trog.
  1413 | D:2      | Reached XP level 4. HP: 25/27 MP: 4/4
  1900 | D:3      | Reached XP level 5. HP: 18/31 MP: 5/5
  2045 | D:3      | Noticed an ogre
  2051 | D:3      | Killed an ogre
  2051 | D:3      | Reached skill level 4 in Staves
  2051 | D:3      | Reached skill level 1 in Evocations
  2479 | D:3      | Reached XP level 6. HP: 23/36 MP: 7/7
  2826 | D:3      | Reached skill level 5 in Staves
  2964 | D:3      | Found an ancient bone altar of Kikubaaqudgha.
  3421 | D:4      | Reached XP level 7. HP: 16/40 MP: 8/8
  3803 | D:4      | Reached skill level 6 in Staves
  3951 | D:4      | Found a radiant altar of Vehumet.
  4149 | D:4      | Found a staircase to the Ecumenical Temple.
  4164 | Temple   | Entered the Ecumenical Temple
  4224 | Temple   | Became a worshipper of Makhleb the Destroyer
  4334 | D:5      | Entered Level 5 of the Dungeon
  4445 | D:5      | Found Zegutz's Antique Weapon Emporium.
  4659 | D:5      | Learned a level 2 spell: Confusing Touch
  4708 | D:5      | Found a snail-covered altar of Cheibriados.
  4748 | D:5      | Reached skill level 7 in Staves
  4950 | D:5      | Found a glowing silver altar of Zin.
  5188 | D:6      | Reached skill level 1 in Hexes
  5259 | D:5      | Bought a scorched quarterstaff for 225 gold pieces
  5259 | D:5      | Identified the +10 quarterstaff of Demand {pain, +Rage rC- rN+ SInv} (You bought it in a shop on level 5 of the Dungeon)
  5328 | D:6      | Reached XP level 8. HP: 42/45 MP: 10/10
  5346 | D:6      | Found a shattered altar of Ashenzari.
  5673 | D:6      | Reached * piety under Makhleb
  6041 | D:7      | Reached skill level 8 in Staves
  6134 | D:7      | Noticed M4edhros's ghost (novice OpAr)
  6135 | D:7      | Upgraded the game from 0.17-a0-2171-ga91b4ec to 0.17-a0-2208-ge5ab1d3
  6473 | D:8      | Found a blossoming altar of Fedhas.
  6527 | D:8      | Reached XP level 9. HP: 43/49 MP: 12/12
  6531 | D:8      | Reached skill level 9 in Staves
  6539 | D:8      | Reached skill level 5 in Evocations
  6588 | D:8      | Reached ** piety under Makhleb
  6917 | D:8      | Reached skill level 10 in Staves
  7130 | D:8      | Found a deep blue altar of Sif Muna.
  7217 | D:9      | Found Faohir's Food Emporium.
  7314 | D:9      | Reached *** piety under Makhleb
  7327 | D:9      | Killed from afar by an orc priest

Vault maps used:
D:1:      kilobyte_arrival_exit_the_forest
D:2:      first_bread, bloody_trog
D:3:      kennysheep_vampire_church
D:4:      vehumet_altar_wand_db, minmay_temple_entry_poolview, tgw_sif
D:5:      overflow_temple_1_default, kennysheep_mini_moat, serial_shops,
          kennysheep_mini, kennysheep_generic_room_15
D:6:      ashenzari_altar_1, kennysheep_another_room
D:8:      fedhas_altar_1, lemuel_round_altar, special_room
D:9:      special_room, serial_shops, shop, shop, nicolae_shop_trees,
          kennysheep_little_box, nicolae_shop_trees
Temple:   circular_temple_12

Action                   |  1- 3 |  4- 6 |  7- 9 || total
-------------------------+-------+-------+-------++-------
Melee: Quarterstaff      |    99 |   251 |   336 ||   686
Throw: Throwing net      |       |     3 |       ||     3
       Tomahawk          |       |       |     3 ||     3
 Cast: Confusing Touch   |       |       |     4 ||     4
Evoke: Wand              |       |       |     2 ||     2
  Use: Potion            |       |       |     2 ||     2
       Scroll            |       |       |     3 ||     3
  Eat: Chunk             |       |     7 |     7 ||    14
       Fruit             |       |     1 |     4 ||     5
       Bread ration      |       |       |     1 ||     1
